 Dungeon Crawl Stone Soup version 0.26-a0-1013-gf6ffb0d6bd (webtiles) character file.

Game seed: 3651461266389415173

966 lunkers the Zephyrmancer (level 8, -4/41 HPs)
             Began as a Tengu Air Elementalist on Dec 7, 2020.
             Was a Believer of Vehumet.
             Shot with an arrow by a centaur (6 damage)
             ... on level 5 of the Dungeon on Dec 8, 2020.
             The game lasted 00:09:01 (6752 turns).

lunkers the Zephyrmancer (Tengu Air Elementalist)   Turns: 6752, Time: 00:09:01

Health: -4/41      AC:  2    Str:  8    XL:     8   Next: 15%
Magic:  4/16       EV: 15    Int: 19    God:    Vehumet [**....]
Gold:   251        SH:  5    Dex: 14    Spells: 9/17 levels left

rFire    . . .     SeeInvis .   x - +1 whip (drain)
rCold    . . .     Faith    .   (no shield)
rNeg     . . .     Spirit   .   a - +0 robe
rPois    .         Reflect  +   (helmet restricted)
rElec    .         Harm     .   (no cloak)
rCorr    .         Rampage  .   (no gloves)
Will     .....                  (boots unavailable)
Stlth    ++........             e - amulet of reflection
HPRegen  0.13/turn              (no ring)
MPRegen  0.15/turn              (no ring)

@: flying quickly and evasively, quick
A: beak, talons 3, able to fly
a: Stop Flying, Renounce Religion


You were on level 5 of the Dungeon.
You worshipped Vehumet.
Vehumet was pleased with you.
You visited 1 branch of the dungeon, and saw 5 of its levels.
You also visited: Ossuary.

You collected 251 gold pieces.

Inventory:

Hand Weapons
 x - a +1 whip of draining (weapon)
Armour
 a - a +0 robe (worn)
Jewellery
 e - an amulet of reflection (around neck)
 h - an uncursed amulet of the acrobat {unknown}
Wands
 u - a wand of flame (21)
 y - a wand of random effects (15)
Scrolls
 b - 5 scrolls of identify {unknown}
 g - 4 scrolls of blinking {unknown}
 i - 5 scrolls of remove curse {unknown}
 j - a scroll of enchant weapon {unknown}
 m - a scroll of teleportation {unknown}
 n - a scroll of noise {unknown}
 q - a scroll of immolation {unknown}
 r - a scroll of enchant armour {unknown}
 s - 2 scrolls of random uselessness {unknown}
Potions
 c - 2 potions of heal wounds {unknown}
 d - 7 potions of might {unknown}
 f - 3 potions of flight {unknown}
 k - a potion of brilliance {unknown}
 l - a potion of curing
 o - 2 potions of resistance {unknown}
 p - 4 potions of haste {unknown}
 t - a potion of attraction {unknown}
 v - a potion of ambrosia {unknown}
 w - a potion of magic {unknown}
 z - 2 potions of berserk rage {unknown}


   Skills:
 - Level 2.1 Dodging
 - Level 2.0 Stealth
 + Level 5.1 Spellcasting
 - Level 1.3 Conjurations
 * Level 10.5 Air Magic


You had 9 spell levels left.
You knew the following spells:

 Your Spells              Type           Power        Failure   Level
a - Airstrike             Air            #####.....   1%          4
b - Static Discharge      Conj/Air       ####....     3%          3
c - Shock                 Conj/Air       ####         1%          1

Your spell library contained the following spells:

 Spells                   Type           Power        Failure   Level
 Freeze                   Ice            #...         12%         1
 Swiftness                Air            #####...     1%          2
 Lightning Bolt           Conj/Air       ####......   30%         5


Dungeon Overview and Level Annotations

Branches:
Dungeon (5/15)             Temple (0/1) D:5         Ossuary (visited)

Altars:
Vehumet


Innate Abilities, Weirdness & Mutations

You have a beak for a mouth.
You have claws for feet.
You can fly continuously.


Message History

Aim: an orc priest, wielding a +0 hand axe and wearing a +0 leather armour The air twists around and strikes the orc priest!
The orc priest is severely wounded.
Unknown command.
The orc priest invokes the aid of Beogh against you.
Beogh smites you!
* * * LOW HITPOINT WARNING * * *
Casting: Airstrike (dangerous; 1% risk of failure)
Confirm with . or Enter, or press ? or * to list all spells.
Aiming: Airstrike (dangerous; 1% risk of failure)
Press: ? - help, Dir - move target, f/p - orc priest
Aim: an orc priest, wielding a +0 hand axe and wearing a +0 leather armour (severely wounded)
The air twists around and strikes the orc priest!
You kill the orc priest!
Vehumet accepts your kill.
You feel your power returning.
* * * LOW MAGIC WARNING * * *
The centaur wields a +0 shortbow.
The centaur shoots an arrow.
The arrow hits you.
You die...

...............##############....
......########.............##....
.......# #############.......
##.....## #....... #####..##
###.##.... ##..#
##########...##....
###..######..........####....
#...)c......########## #....
..l).c##.#......@..### #####
.c.### #.#########...##### ..
#...≈§§..####.....###
#..≈)§≈≈.###........####
#.§≈≈≈≈≈≈..............
..≈§≈>§§§............#
#.§§§≈≈≈§.##.........#####
..≈§§§≈..##......>.......
.).≈≈§...##..............


You could see a centaur.

Vanquished Creatures
  Menkaure (D:4)
  A bullfrog (D:5)
  4 water moccasin zombies (Ossuary)
  A hound (D:5)
  2 orc wizards
  A bullfrog skeleton (D:3)
  2 orc priests
  A worker ant (D:4)
  An iguana (D:5)
  A big kobold zombie (Ossuary)
  3 mummies
  7 gnolls
  5 adders
  A howler monkey skeleton (D:4)
  A white imp (D:4)
  7 adder zombies (Ossuary)
  2 worms
  3 dart slugs
  4 leopard geckos
  17 orcs
  7 bats
  A giant cockroach (D:2)
  4 goblins
  3 hobgoblins
  9 jackals
  3 quokkas
  8 frilled lizards
  2 gnoll zombies (Ossuary)
  7 hobgoblin zombies (Ossuary)
  8 kobolds
  5 kobold zombies (Ossuary)
  8 orc zombies (Ossuary)
  7 rats
137 creatures vanquished.

Notes
Turn   | Place    | Note
-------+----------+-------------------------------------------
     0 | D:1      | lunkers the Tengu Air Elementalist began the quest for the
                  | Orb.
     0 | D:1      | Reached XP level 1. HP: 10/10 MP: 4/4
   373 | D:1      | Reached XP level 2. HP: 15/15 MP: 4/6
  1088 | D:2      | Reached skill level 5 in Air Magic
  1088 | D:2      | Reached XP level 3. HP: 19/19 MP: 0/7
  1608 | D:2      | Reached XP level 4. HP: 10/24 MP: 1/9
  2063 | D:2      | Found a radiant altar of Vehumet.
  2068 | D:2      | Became a worshipper of Vehumet
  2474 | D:3      | Reached skill level 6 in Air Magic
  2689 | D:3      | Gained mutation: You can fly continuously. [Tengu growth]
  2689 | D:3      | Reached XP level 5. HP: 28/28 MP: 8/10
  2977 | D:3      | Learned a level 3 spell: Static Discharge
  2982 | D:3      | Learned a level 4 spell: Airstrike
  3275 | D:3      | Reached skill level 7 in Air Magic
  3863 | D:4      | Found a sand-covered staircase.
  3871 | D:4      | Reached XP level 6. HP: 28/32 MP: 4/12
  3927 | Ossuary  | Entered an ossuary
  3979 | Ossuary  | Reached * piety under Vehumet
  3979 | Ossuary  | Offered knowledge of Foxfire by Vehumet.
  4022 | Ossuary  | Reached skill level 8 in Air Magic
  4582 | Ossuary  | Reached XP level 7. HP: 25/36 MP: 1/14
  4594 | Ossuary  | Offered knowledge of Freeze by Vehumet.
  4817 | Ossuary  | Reached ** piety under Vehumet
  4912 | Ossuary  | Reached skill level 9 in Air Magic
  5121 | D:4      | Noticed Menkaure
  5123 | D:4      | Killed Menkaure
  6336 | D:5      | Entered Level 5 of the Dungeon
  6382 | D:5      | Reached skill level 10 in Air Magic
  6562 | D:5      | Found a staircase to the Ecumenical Temple.
  6565 | D:5      | Reached XP level 8. HP: 41/41 MP: 11/16
  6635 | D:5      | Reached skill level 5 in Spellcasting
  6750 | D:5      | HP: 2/41 [orc priest/divine providence (12)]
  6752 | D:5      | Shot with an arrow by a centaur

Illustrated notes

Levels and vault maps discovered:
D:1:      ncdulo_watergridlock, layout_basic
D:2:      layout_loops_ring, overflow_temple_1_default
D:3:      layout_loops_ring, eino_curves_01, supply_closet_lemuel,
          kennysheep_generic_room_15
D:4:      layout_basic, gup_ossuary_entry_pyramid, uniq_menkaure
D:5:      layout_rooms, minmay_temple_entry_mist, basic_altar, uniq_duvessa

Skill      XL: |  1  2  3  4  5  6  7  8 |
---------------+-------------------------+-----
Air Magic      | 5 6 7 8 10 | 10.5
Spellcasting   | 3 4 5 |  5.1
Dodging        | |  2.1
Stealth        | |  2.0
Conjurations   | |  1.3

Action                   |  1- 3 |  4- 6 |  7- 9 || total
-------------------------+-------+-------+-------++-------
Melee: Unarmed           |    12 |    29 |    10 ||    51
       Kick              |       |     9 |     1 ||    10
       Peck              |       |     4 |     2 ||     6
       Whip              |       |       |     2 ||     2
 Cast: Shock             |    73 |   179 |     3 ||   255
       Airstrike         |       |       |    42 ||    42
 Abil: Fly               |       |     1 |       ||     1
Armor: Robe              |     2 |    15 |       ||    17
Dodge: Dodged            |    19 |    71 |     3 ||    93
Block: Other             |     4 |    28 |     5 ||    37
       Reflection        |     1 |     2 |       ||     3

Table legend: (Time is in decaauts)
 A = Elapsed time spent in this place.
 B = Non-inter-level travel time spent in this place.
 C = Inter-level travel time spent in this place.
 D = Time resting spent in this place.
 E = Time spent auto-exploring this place.
 F = Levels seen in this place.
 G = Mean time per level.
                   A        B        C        D        E       F      G
               +--------+--------+--------+--------+--------+-----+--------+
         Total |   6597 |   6508 |     89 |    381 |   5405 |   6 | 1099.5 |
       Dungeon |   5549 |   5460 |     89 |    253 |   4653 |   5 | 1109.8 |
       Ossuary |   1047 |   1047 |      0 |    128 |    751 |   1 | 1047.0 |
               +--------+--------+--------+--------+--------+-----+--------+

Top non-repeatable levels by time:
     D:3: 1399 daAuts
     D:4: 1375 daAuts
     D:2: 1337 daAuts
 Ossuary: 1047 daAuts
     D:1: 1037 daAuts
     D:5: 400 daAuts
